 Dungeon Crawl Stone Soup version 0.30-a0-639-g3916f1956a (webtiles) character file.

Game seed: 11750729922201571026

704 wormed the Cudgeller (level 7, -1/56 HPs)
             Began as a Gnoll Wanderer on Jan 15, 2023.
             Slain by a gnoll
             ... wielding a +0 spear
              (7 damage)
             ... on level 4 of the Dungeon.
             The game lasted 00:05:26 (3829 turns).

wormed the Cudgeller (Gnoll Wanderer)               Turns: 3829, Time: 00:05:26

Health: -1/56      AC:  4    Str: 12    XL:     7   Next: 67%
Magic:  12/13      EV: 11    Int: 12    God:
Gold:   181        SH:  5    Dex: 12    Spells: 14/14 levels left

rFire   . . .      SeeInvis .    m - +4 dagger (venom)
rCold   . . .      Faith    .    b - +1 buckler
rNeg    . . .      Spirit   .    e - +0 leather armour
rPois   +          Reflect  .    (helmet restricted)
rElec   .          Harm     .    (no cloak)
rCorr   .          Rampage  .    f - +0 pair of gloves
Will    +....      Rage     3%   (no boots)
Stlth   ++                       (no amulet)
HPRegen 0.29/turn                (no ring)
MPRegen 0.13/turn                (no ring)

@: about to teleport
A: fangs 1, strong nose, distributed training, horns 1, berserk 1, strong-willed
1, poison resistance
a: no special abilities


You were on level 4 of the Dungeon.
You visited 2 branches of the dungeon, and saw 8 of its levels.

You collected 181 gold pieces.

Inventory:

Hand Weapons
 a - a +2 mace
 m - a +4 dagger of venom (weapon)
Missiles
 k - 6 poisoned darts
Armour
 b - a +1 buckler (worn)
 e - a +0 leather armour (worn)
 f - a +0 pair of gloves (worn)
Scrolls
 h - 3 scrolls of identify
 i - a scroll of enchant armour
 p - a scroll of poison {unknown}
Potions
 d - 3 potions of haste {unknown}
 g - a potion of flight {unknown}
 j - a potion of resistance
 n - a potion of lignification {unknown}
 r - a potion of ambrosia {unknown}


   Skills:
 + Level 5.4 Fighting
 + Level 2.7 Short Blades
 + Level 2.7 Long Blades
 + Level 2.7 Axes
 + Level 7.1 Maces & Flails
 + Level 2.7 Polearms
 + Level 2.7 Staves
 + Level 2.7 Ranged Weapons
 + Level 2.7 Throwing
 + Level 2.7 Armour
 + Level 2.7 Dodging
 + Level 3.6 Stealth
 + Level 3.8 Shields
 + Level 2.7 Unarmed Combat
 + Level 4.0 Spellcasting
 + Level 2.2 Conjurations
 + Level 2.2 Hexes
 + Level 2.2 Summonings
 + Level 2.2 Necromancy
 + Level 4.4 Translocations
 + Level 2.2 Transmutations
 + Level 2.2 Fire Magic
 + Level 2.2 Ice Magic
 + Level 2.2 Air Magic
 + Level 2.2 Earth Magic
 + Level 2.2 Poison Magic
 + Level 3.0 Invocations
 + Level 2.7 Evocations


You had 14 spell levels left.
You didn't know any spells.
Your spell library contained the following spells:

 Spells                   Type           Power      Damage    Failure   Level
 Apportation              Tloc           26%        N/A       6%          1
 Gell's Gravitas          Tloc           13%        N/A       19%         3
 Teleport Other           Tloc           13%        N/A       19%         3
 Kindle Blastsparks       Fire/Tloc/Air  18%        2d11      32%         3
 Ignite Poison            Fire/Tmut/Pois 7%         N/A       41%         3
 Summon Guardian Golem    Hex/Summ       7%         N/A       41%         3
 Freezing Cloud           Conj/Ice/Air   3%         6-21      99%         5
 Dispersal                Tloc           6%         N/A       100%        6
 Orb of Destruction       Conj           3%         9d5       100%        7
 Spellforged Servitor     Conj/Summ      3%         N/A       100%        7


Dungeon Overview and Level Annotations

Branches:
Dungeon (7/15)             Temple (1/1) D:5

Altars:
Elyvilon
Fedhas
Kikubaaqudgha
Makhleb
Nemelex Xobeh
Qazlal
Ru
Sif Muna
Uskayaw
Vehumet
Yredelemnul
Zin

Annotations:
D:5 1 runed translucent door, Crazy Yiuf, Sigmund
D:7 2 runed translucent doors


Innate Abilities, Weirdness & Mutations

You have very sharp teeth.
Your uncanny sense of smell can sniff out nearby items.
Your experience applies equally to all skills.
You have a pair of small horns on your head.
You sometimes lose your temper in combat.
You are strong-willed. (Will+)
Your system is resistant to poisons. (rPois)


Message History

The hound bites you.
* * * LOW HITPOINT WARNING * * *
It was a potion of mutation.
You feel extremely strange.
You feel strong-willed.
You feel a little pissed off. A pair of horns grows on your head!
You feel resistant to poisons. You block the hound's attack.
You barely miss the hound. Your headbutt misses the hound.
Your bite misses the hound.
The hound is severely wounded.
The hound bites you but does no damage. The phantom hits you.
* * * LOW HITPOINT WARNING * * *
The phantom blinks!
You blink.
A goblin and 3 gnolls come into view.
Found an escape hatch in the floor.
You barely miss the phantom. You headbutt the phantom.
The phantom is lightly damaged.
The gnoll shouts! x3
The phantom misses you.
You hit the phantom. Your headbutt misses the phantom.
The phantom is moderately damaged.
The phantom hits you.
* * * LOW HITPOINT WARNING * * *
You hit the phantom.
The phantom is heavily damaged.
You kill the hound!
The phantom hits you but does no damage.
Your Spellcasting skill increases to level 4!
As you read the scroll of teleportation, it crumbles to dust.
You feel strangely unstable.
The phantom hits you but does no damage.
You block the gnoll's attack. The gnoll hits you but does no damage.
You closely miss the goblin. The gnoll barely misses you.
You block the gnoll's attack. The goblin barely misses you.
You block the phantom's attack.
You puncture the phantom!
The phantom is severely damaged.
The phantom closely misses you. The gnoll hits you with a +0 club.
* * * LOW HITPOINT WARNING * * *
The gnoll hits you from afar with a +0 spear!
You die...

..........#
..........# ##
#.........# ..
#..>......# .#
#.........# .#
#....g.g..# .# ##
#.....gW..####.#
..
......g@.....>.###
##
#..........##....#
#.............##.#
## #######.....#.#
# .# #.###.#.# .#
#.# #.#.. .# ..#
#.# .# ### ..# .#
#.#


You could see a phantom, 3 gnolls and a goblin.

Vanquished Creatures
  An ice beast (D:5)
  2 phantoms
  A necrophage (D:5)
  2 scorpions
  A hound (D:4)
  An orc priest (D:4)
  2 iguanas (D:5)
  An orc wizard (D:4)
  6 adders
  A white imp (D:7)
  An ufetubus (D:4)
  A worm (D:3)
  2 dart slugs
  5 orcs
  9 ball pythons
  5 endoplasms
  4 giant cockroaches
  7 goblins
  7 hobgoblins
  4 jackals (D:2)
  7 kobolds
  A quokka (D:1)
  6 bats
  3 frilled lizards
  6 rats
86 creatures vanquished.

Vanquished Creatures (others)
  2 fungi (D:1)
  3 plants (D:1)
5 creatures vanquished.

Grand Total: 91 creatures vanquished

Notes
Turn   | Place    | Note
-------+----------+-------------------------------------------
     0 | D:1      | wormed the Gnoll Wanderer began the quest for the Orb.
     0 | D:1      | wormed set off with the following items: a +2 mace, a +0
                  | buckler, a scroll of blinking, a +0 robe; and the following
                  | spell memorised: Apportation; and the following spells
                  | available to memorise: Gell's Gravitas.
     0 | D:1      | Reached XP level 1. HP: 20/20 MP: 4/4
   105 | D:1      | Reached XP level 2. HP: 26/26 MP: 5/5
   111 | D:1      | Found a faded altar of an unknown god.
   431 | D:1      | Reached XP level 3. HP: 28/31 MP: 7/7
   637 | D:1      | Reached skill level 1 in Invocations
   853 | D:2      | Found a shimmering blue altar of Sif Muna.
   871 | D:2      | Reached skill level 1 in Short Blades
   871 | D:2      | Reached skill level 1 in Long Blades
   871 | D:2      | Reached skill level 1 in Axes
   871 | D:2      | Reached skill level 1 in Polearms
   871 | D:2      | Reached skill level 1 in Staves
   871 | D:2      | Reached skill level 1 in Ranged Weapons
   871 | D:2      | Reached skill level 1 in Throwing
   871 | D:2      | Reached skill level 1 in Armour
   871 | D:2      | Reached skill level 1 in Dodging
   871 | D:2      | Reached skill level 1 in Unarmed Combat
   871 | D:2      | Reached skill level 1 in Evocations
   902 | D:2      | Reached XP level 4. HP: 30/38 MP: 8/8
  1596 | D:3      | Reached skill level 1 in Conjurations
  1596 | D:3      | Reached skill level 1 in Hexes
  1596 | D:3      | Reached skill level 1 in Summonings
  1596 | D:3      | Reached skill level 1 in Necromancy
  1596 | D:3      | Reached skill level 1 in Transmutations
  1596 | D:3      | Reached skill level 1 in Fire Magic
  1596 | D:3      | Reached skill level 1 in Ice Magic
  1596 | D:3      | Reached skill level 1 in Air Magic
  1596 | D:3      | Reached skill level 1 in Earth Magic
  1596 | D:3      | Reached skill level 1 in Poison Magic
  2039 | D:3      | Found a burning altar of Makhleb.
  2046 | D:3      | Found a glowing silver altar of Zin.
  2046 | D:3      | Noticed a balrug
  2046 | D:3      | Noticed an angel
  2649 | D:4      | Reached XP level 5. HP: 36/43 MP: 9/9
  2748 | D:4      | Noticed a phantom
  2777 | D:4      | Killed a phantom
  2778 | D:4      | Reached XP level 6. HP: 15/50 MP: 9/11
  2944 | D:4      | Reached skill level 5 in Fighting
  2952 | D:4      | You fall into a shaft and drop 3 floors!
  3158 | D:7      | Found a large runed translucent door.
  3159 | D:7      | Found a large runed translucent door.
  3181 | D:5      | Entered Level 5 of the Dungeon
  3183 | D:5      | Found a staircase to the Ecumenical Temple.
  3200 | Temple   | Entered the Ecumenical Temple
  3338 | D:5      | Reached skill level 7 in Maces & Flails
  3338 | D:5      | Reached XP level 7. HP: 23/54 MP: 12/12
  3540 | D:5      | Found a runed translucent door.
  3541 | D:5      | Noticed Crazy Yiuf
  3792 | D:5      | Noticed Sigmund
  3822 | D:4      | Gained mutation: You are strong-willed. (Will+) [potion of
                  | mutation]
  3822 | D:4      | Gained mutation: You sometimes lose your temper in combat.
                  | [potion of mutation]
  3822 | D:4      | Gained mutation: You have a pair of small horns on your
                  | head. [potion of mutation]
  3822 | D:4      | Gained mutation: Your system is resistant to poisons.
                  | (rPois) [potion of mutation]
  3829 | D:4      | Slain by a gnoll

Illustrated notes

Levels and vault maps discovered:
D:1:      minmay_arrival_shattered_statue, layout_loops_ring,
          shapermc_ecumenical_altar_gd, grunt_decor_cap, minmay_quantized
D:2:      layout_basic, basic_altar
D:3:      layout_basic, grunt_temple_overflow_order_and_chaos_2
D:4:      layout_basic, lemuel_doored_altar
D:5:      layout_basic, minmay_temple_entry_glass, cheibrodos_sewer_entry_bend,
          uniq_sigmund, uniq_crazy_yiuf_cottage
D:6:      minmay_recursive_quarters, layout_rooms, lemuel_round_altar,
          chequers_temple_overflow_statue_of_worship, uniq_prince_ribbit1
D:7:      layout_gridville, nicolae_tso_swordbearing_angel,
          jmf_multi_god_temple2, minivault_22, dilly_guarded_unrand_throatcut
Temple:   nicolae_temple_ecumenical_triangle

Skill      XL: |  1  2  3  4  5  6  7 |
---------------+----------------------+-----
Invocations    | 1 2 3 |  3.0
Short Blades   | 1 2 |  2.7
Long Blades    | 1 2 |  2.7
Axes           | 1 2 |  2.7
Polearms       | 1 2 |  2.7
Staves         | 1 2 |  2.7
Ranged Weapons | 1 2 |  2.7
Throwing       | 1 2 |  2.7
Armour         | 1 2 |  2.7
Dodging        | 1 2 |  2.7
Unarmed Combat | 1 2 |  2.7
Evocations     | 1 2 |  2.7
Spellcasting   | 3 4 |  4.0
Conjurations   | 1 2 |  2.2
Hexes          | 1 2 |  2.2
Summonings     | 1 2 |  2.2
Necromancy     | 1 2 |  2.2
Transmutations | 1 2 |  2.2
Fire Magic     | 1 2 |  2.2
Ice Magic      | 1 2 |  2.2
Air Magic      | 1 2 |  2.2
Earth Magic    | 1 2 |  2.2
Poison Magic   | 1 2 |  2.2
Shields        | 3 |  3.8
Translocations | 4 |  4.4
Stealth        | 3 |  3.6
Fighting       | 5 |  5.4
Maces & Flails | 7 |  7.1

Action                   |  1- 3 |  4- 6 |  7- 9 || total
-------------------------+-------+-------+-------++-------
Melee: Mace              |    95 |    46 |       ||   141
       Bite              |     7 |    15 |     6 ||    28
       Dagger            |       |   115 |    56 ||   171
       Headbutt          |       |       |     1 ||     1
  Use: Scroll            |     3 |     4 |     2 ||     9
       Potion            |       |       |     1 ||     1
 Stab: Sleeping          |     5 |     2 |     2 ||     9
Armor: Robe              |     2 |       |       ||     2
       Leather armour    |    22 |    31 |    13 ||    66
Dodge: Dodged            |    49 |    67 |    22 ||   138
Block: Buckler           |    20 |    24 |    15 ||    59

Table legend: (Time is in decaauts)
 A = Elapsed time spent in this place.
 B = Non-inter-level travel time spent in this place.
 C = Inter-level travel time spent in this place.
 D = Time resting spent in this place.
 E = Time spent auto-exploring this place.
 F = Levels seen in this place.
 G = Mean time per level.
                   A        B        C        D        E       F      G
               +--------+--------+--------+--------+--------+-----+--------+
         Total |   3839 |   3764 |     75 |      0 |   2957 |   8 |  479.9 |
       Dungeon |   3760 |   3685 |     75 |      0 |   2898 |   7 |  537.1 |
        Temple |     78 |     78 |      0 |      0 |     59 |   1 |   78.0 |
               +--------+--------+--------+--------+--------+-----+--------+

Top non-repeatable levels by time:
     D:3: 1037 daAuts
     D:1: 856 daAuts
     D:2: 709 daAuts
     D:5: 548 daAuts
     D:4: 380 daAuts
     D:7: 221 daAuts
  Temple: 78 daAuts
     D:6: 6 daAuts
